 Dungeon Crawl Stone Soup version 0.22-a0-292-g0df9d5f (webtiles) character file.

245 medis the Cutter (level 6, -1/41 HPs)
             Began as a Halfling Skald on Mar 23, 2018.
             Slain by an orc warrior
             ... wielding a +3 short sword
              (14 damage)
             ... on level 6 of the Dungeon.
             The game lasted 00:08:42 (2806 turns).

medis the Cutter (Halfling Skald)                   Turns: 2806, Time: 00:08:43

Health: -1/41      AC:  3    Str: 12    XL:     6   Next: 32%
Magic:  17/17      EV: 20    Int: 11    God:
Gold:   156        SH:  0    Dex: 21    Spells: 3/8 levels left

rFire    . . .     SeeInvis .   a - +0 short sword
rCold    + . .     Gourm    .   (shield restricted)
rNeg     . . .     Faith    .   b - +0 leather armour
rPois    .         Spirit   .   (no helmet)
rElec    .         Reflect  .   (no cloak)
rCorr    .         Harm     .   (no gloves)
MR       .....                  (no boots)
Stlth    +++.......             f - amulet of regeneration
HPRegen  0.53/turn              i - ring of protection from cold
MPRegen  0.15/turn              j - ring of magical power

@: agile, infused, singing, very slightly contaminated, hasted, very quick
A: small, mutation resistance 1
a: no special abilities


You were on level 6 of the Dungeon.
You were not hungry.

You visited 1 branch of the dungeon, and saw 6 of its levels.

You collected 156 gold pieces.

Inventory:

Hand Weapons
 a - a +0 short sword (weapon)
Armour
 b - a +0 leather armour (worn)
Jewellery
 f - an amulet of regeneration (around neck)
 i - a ring of protection from cold (left hand)
 j - a ring of magical power (right hand)
Scrolls
 c - 2 scrolls of magic mapping
 g - 3 scrolls of teleportation
 h - a scroll of fog
 k - a scroll of blinking {unknown}
 n - a scroll of enchant armour {unknown}
 r - a scroll of identify
Potions
 e - 3 potions of curing
 l - 2 potions of lignification
Comestibles
 d - 4 rations
 o - 5 chunks of flesh


   Skills:
 + Level 2.7 Fighting
 * Level 5.6 Short Blades
 - Level 1.1 Armour
 - Level 2.1 Dodging
 - Level 1.0 Stealth
 - Level 1.5 Spellcasting
 + Level 4.8 Charms


You had 3 spell levels left.
You knew the following spells:

 Your Spells              Type           Power        Failure   Level  Hunger
a - Infusion              Chrm           ##..         5%          1    ##.....
b - Shroud of Golubria    Chrm/Tloc      #.........   22%         2    ###....
c - Song of Slaying       Chrm           ##......     9%          2    ###....


Dungeon Overview and Level Annotations

Branches:
Dungeon (7/15)
 Temple: D:4-7

Altars:
Sif Muna

Annotations:
D:2 Sigmund
D:3 exclusion: gnoll, Amnesiac's ghost, amateur DEEn
D:4 Menkaure; Purgy
D:7 exclusion: upstairs


Innate Abilities, Weirdness & Mutations

You are small and have problems with some larger weapons.
You are somewhat resistant to further mutation.


Message History

You barely miss the orc warrior.
The orc warrior is lightly wounded.
The orc priest calls upon Beogh to heal the orc warrior.
The orc warrior's wounds heal themselves!
The orc warrior hits you but does no damage.
You closely miss the orc warrior.
Your shroud begins to fray at the edges.
It was a potion of agility.
You feel agile all of a sudden.
The orc warrior hits you but does no damage.
It was a potion of magic.
Magic courses through your body.
The orc warrior hits you but does no damage.
It was a potion of haste.
You feel yourself speed up.
The orc warrior hits you with an enchanted short sword!
* * * LOW HITPOINT WARNING * * *
You closely miss the orc warrior.
You feel less wooden.
Your +0 leather armour unmelds from your body.
The orc warrior hits you with an enchanted short sword!
You die...

.
....#####
...cooo@#
...5o####
... .


You could see an orc warrior, a centaur, an orc priest, a crimson imp and 2
orcs.

Vanquished Creatures
  A water moccasin skeleton (D:4)
  A centaur skeleton (D:4)
  An orc wizard (D:4)
  A worker ant (D:4)
  A hound skeleton (D:4)
  An adder (D:3)
  2 gnolls (D:3)
  An ooze (D:2)
  A worm (D:2)
  A dart slug (D:1)
  2 leopard geckos
  4 orcs
  6 bats
  7 giant cockroaches
  7 goblins
  4 hobgoblins
  10 jackals
  6 kobolds
  2 quokkas
  A ball python (D:2)
  2 frilled lizards
  5 rats
67 creatures vanquished.

Notes
Turn   | Place    | Note
-------+----------+-------------------------------------------
     0 | D:1      | medis the Halfling Skald began the quest for the Orb.
     0 | D:1      | Reached XP level 1. HP: 14/14 MP: 3/3
    59 | D:1      | Reached skill level 1 in Stealth
    59 | D:1      | Reached XP level 2. HP: 1/19 MP: 4/4
   498 | D:1      | Reached skill level 3 in Short Blades
   519 | D:1      | Learned a level 2 spell: Song of Slaying
   611 | D:1      | Reached XP level 3. HP: 23/24 MP: 5/5
  1082 | D:1      | Learned a level 2 spell: Shroud of Golubria
  1265 | D:2      | Noticed Sigmund
  1464 | D:2      | Reached XP level 4. HP: 25/29 MP: 3/6
  1500 | D:2      | Reached skill level 4 in Short Blades
  1667 | D:3      | Noticed Amnesiac's ghost (amateur DEEn)
  1818 | D:3      | Found a deep blue altar of Sif Muna.
  2195 | D:3      | Reached XP level 5. HP: 34/34 MP: 7/7
  2467 | D:4      | Noticed Purgy
  2530 | D:4      | Reached skill level 5 in Short Blades
  2586 | D:4      | Reached XP level 6. HP: 36/41 MP: 8/8
  2706 | D:4      | Noticed Menkaure
  2745 | D:4      | You fall through a shaft for 3 floors!
  2745 | D:7      | Noticed an ogre
  2779 | D:6      | Noticed an orc warrior
  2806 | D:6      | Slain by an orc warrior

Vault maps used:
D:1:      lightli_arrival_statue_moat
D:2:      first_ration, uniq_sigmund
D:3:      led_sif_book, uniq_terence
D:4:      uniq_purgy, uniq_menkaure
D:6:      lemuel_crystal_altar, minmay_temple_entry_butterflies, uniq_eustachio,
          uniq_grinder, uniq_pikel
D:7:      nicolae_overflow_crystal_walls, kennysheep_mini_moat,
          yredelemnul_altar_generic, marbit_many_paths, serial_shops,
          nicolae_shop_waterfront, basic_altar

Skill      XL: |  1  2  3  4  5 |
---------------+----------------+-----
Stealth        | 1 |  1.0
Short Blades   | 3 4 5 |  5.6
Charms         | 4 |  4.8
Fighting       | 2 |  2.7
Armour         | |  1.1
Dodging        | |  2.1
Spellcasting   | |  1.5

Action                   |  1- 3 |  4- 6 || total
-------------------------+-------+-------++-------
Melee: Short sword       |   161 |   193 ||   354
 Cast: Song of Slaying   |     3 |     1 ||     4
       Shroud of Golubri |     1 |     9 ||    10
       Infusion          |     1 |     8 ||     9
  Use: Scroll            |     3 |     2 ||     5
       Potion            |       |     5 ||     5
 Stab: Sleeping          |     2 |     2 ||     4
  Eat: Chunk             |     2 |     3 ||     5
       Ration            |       |     1 ||     1
Armor: Leather armour    |    54 |    27 ||    81
       Skin              |       |    22 ||    22
Dodge: Dodged            |   133 |   124 ||   257

Table legend:
 A = Spawn XP
 B = Non-spawn XP
 C = Spawn XP percentage of total XP
 D = Spawn monster count
 E = Non-spawn monster count
 F = Spawn count percentage of total count
 G = Total turns spent on level
                    A         B        C        D         E        F      G
               +---------+---------+-------+---------+---------+-------+---------
         Total |       0 |     351 |   0.0 |       0 |      67 |   0.0 |  2806
               +---------+---------+-------+---------+---------+-------+---------
           D:1 |       0 |      47 |   0.0 |       0 |      25 |   0.0 |  1185
           D:2 |       0 |      37 |   0.0 |       0 |      18 |   0.0 |   537
           D:3 |       0 |      62 |   0.0 |       0 |      15 |   0.0 |   721
           D:4 |       0 |     199 |   0.0 |       0 |       7 |   0.0 |   302
           D:6 |       0 |       6 |   0.0 |       0 |       2 |   0.0 |    41
               +---------+---------+-------+---------+---------+-------+---------
